 Dungeon Crawl Stone Soup version 0.27-a0-1548-gf8a67e7463 (webtiles) character file.

Game seed: 4197735273572984864

8143 ezpacito the Cleaver (level 11, 84/84 HPs)
             Began as a Demonspawn Berserker on July 14, 2021.
             Was a High Priest of Trog.
             Quit the game in a bailey.
             The game lasted 00:21:32 (7800 turns).

ezpacito the Cleaver (Demonspawn Berserker)         Turns: 7800, Time: 00:21:33

Health: 84/84      AC: 29    Str: 20    XL:     11   Next: 6%
Magic:  11/11      EV:  8    Int:  7    God:    Trog [*****.]
Gold:   417        SH:  0    Dex: 15    Spells: 10/10 levels left

rFire    . . .     SeeInvis .   l - +6 whip (distort)
rCold    . . .     Faith    .   (no shield)
rNeg     + + +     Spirit   .   w - +7 plate armour of Tikuab {rPois rN+++ Str+3}
rPois    +         Reflect  .   u - +2 hat
rElec    .         Harm     .   (no cloak)
rCorr    +         Rampage  .   p - +0 pair of gloves
Will     .....                  t - +1 pair of boots {Stlth+}
Stlth    ..........             d - amulet of Miracles {+Inv rN+++ Regen+ Int-3 Stlth+}
HPRegen  1.24/turn              x - ring of resist corrosion
MPRegen  0.12/turn              (no ring)

@: mighty, studying Staves, very slow
A: talons 2, yellow scales 2, powered by pain 2
a: Renounce Religion, Evoke Invisibility, Berserk, Trog's Hand, Brothers in Arms


You were in a bailey.
You worshipped Trog.
Trog was extremely pleased with you.
You visited 1 branch of the dungeon, and saw 9 of its levels.
You also visited: Sewer and Bailey.

You collected 417 gold pieces.

Inventory:

Hand Weapons
 l - a +6 whip of distortion (weapon)
 r - a +0 lajatang
 A - a +3 great mace
Missiles
 c - 263 stones
 s - a curare-tipped dart
 z - 2 throwing nets
 D - 6 atropa-tipped darts
Armour
 m - a +0 helmet
 p - a +0 pair of gloves (worn)
 t - a +1 pair of boots of stealth (worn)
 u - a +2 hat (worn)
 w - the +7 plate armour of Tikuab (worn) {rPois rN+++ Str+3}
   (You acquired it on level 6 of the Dungeon)

   Str:       It affects your strength (+3).
   rPois:     It protects you from poison.
   rN:        It renders you almost immune to negative energy.
Jewellery
 d - the amulet of Miracles (around neck) {+Inv rN+++ Regen+ Int-3 Stlth+}
   (You acquired it on level 3 of the Dungeon)

   [amulet of regeneration]

   Int:       It affects your intelligence (-3).
   rN:        It renders you almost immune to negative energy.
   +Inv:      It lets you turn invisible.
   Regen:     It increases your rate of health regeneration.
   Stlth:     It makes you more stealthy.
 q - a ring of ice
 x - a ring of resist corrosion (left hand)
 y - an amulet of guardian spirit
Scrolls
 j - a scroll of fear
 n - a scroll of magic mapping
 B - 3 scrolls of teleportation
Potions
 a - 2 potions of mutation
 b - a potion of magic {unknown}
 e - a potion of lignification {unknown}
 f - 3 potions of might
 g - 2 potions of invisibility
 h - 3 potions of cancellation
 i - 2 potions of haste
 k - 2 potions of flight {unknown}
 o - 6 potions of heal wounds
 v - 3 potions of brilliance {unknown}


   Skills:
 + Level 7.1 Fighting
 * Level 8.9(9.5) Axes
 + Level 5.0(8.2) Maces & Flails
 + Level 4.7(5.7) Staves
 * Level 8.6 Armour
 + Level 6.1 Dodging


You had 10 spell levels left.
You didn't know any spells.
Your spell library was empty.

Dungeon Overview and Level Annotations

Branches:
Dungeon (9/15)             Temple (0/1) D:6           Sewer (visited)
 Bailey (1/1)
   Lair: D:8-11         Orc: D:9-12

Altars:
Nemelex Xobeh

Annotations:
Abyss:1 Eustachio, Pikel, Sigmund


Innate Abilities, Weirdness & Mutations

You have razor-sharp toenails.
You are mostly covered in yellow scales. (AC +3)
You sometimes gain power by taking damage.


Message History

The orc wields a +0 arbalest.
The orc shoots a bolt.
The bolt hits you but does no damage.
The orc unwields a +0 arbalest.
The orc barely misses you.
There is an open door here.
You enter the shallow water.
Moving in this stuff is going to be slow.
The orc warrior hits you but does no damage.
The orc splashes around in the water.
The orc warrior misses you.
You whack the orc!
You kill the orc!
Trog accepts your kill.
You hear a splash. x3
The orc warrior closely misses you.
An orc comes into view. It is wielding a +0 trident.
Things that are here:
a +0 arbalest; 12 bolts; a +0 scale mail An orc comes into view.
It is wielding a +0 halberd.
The orc shouts!
The orc hits you but does no damage. x2
The orc completely misses you.
You whack the orc!
You kill the orc!
Trog accepts your kill.
You hear a splash. x2
The orc warrior hits you but does no damage.
The orc warrior splashes around in the water.
The orc warrior hits you but does no damage.
Things that are here:
a +0 trident; a +0 ring mail Your unstable footing causes you to fumble your attack.
You hit the orc warrior.
The orc warrior is almost dead.
The orc warrior blinks!
An orc comes into view. It is wielding a +0 trident.
You closely miss the orc warrior.
The orc warrior is almost dead.
The orc warrior barely misses you. The orc barely misses you.
The orc warrior splashes around in the water.
Are you sure you want to abandon this character and quit the game? (Confirm with "yes".)

#.# ≈≈≈≈≈≈≈≈≈#.#≈≈...... #.#
≈≈≈≈≈≈≈≈##.##≈...... .§
≈≈≈≈≈≈≈≈.)^..≈...... #.
≈≈≈≈≈≈≈≈#∩)##≈...... #.
#≈≈≈≈≈≈≈≈#.#≈≈......
≈≈≈≈≈≈≈≈#########≈≈≈≈≈≈≈≈≈≈......
≈≈≈≈≈≈≈ #≈o≈≈≈o≈##≈≈≈≈)≈≈≈≈......
≈≈≈≈≈≈# ≈≈#'#'#)≈##≈≈≈≈≈≈≈≈......
≈≈≈≈≈≈ # ##@≈#≈≈≈≈≈≈≈≈......
≈≈≈≈≈# ###o##≈≈≈≈≈≈≈...... ≈≈≈≈≈#
#.'≈##≈≈≈≈≈≈≈...... ≈≈≈≈≈#
###≈##≈≈≈≈≈≈≈...... ≈≈≈≈≈#
#.'≈##≈≈≈)≈≈≈...... ≈≈≈≈)##
###≈##≈≈≈≈≈≈≈...... ≈≈≈≈≈≈#
#≈≈##≈≈≈≈≈≈≈...... ≈≈≈≈≈≈##
#≈≈≈≈≈≈≈≈≈≈≈...... ≈≈≈≈≈≈≈##
#≈≈≈≈≈)≈≈≈≈≈......


You could see an orc warrior and an orc.

Vanquished Creatures
  Harold (D:7)
  A two-headed ogre (D:9)
  A manticore (D:9)
  Grinder (D:4)
  A hornet (D:8)
  A shadow (D:9)
  5 yaks (D:8)
  3 water moccasins
  7 orc warriors
  Duvessa (D:6)
  3 sky beasts
  2 black bears
  A necrophage (D:6)
  3 ogres
  A centaur (D:8)
  A lemure (D:4)
  3 phantoms
  2 kobold brigands (D:8)
  A bullfrog (D:6)
  Dowan (D:6)
  A wyvern skeleton (D:7)
  8 wights
  4 howler monkeys
  A centaur zombie (D:9)
  2 jellies
  2 hounds (D:6)
  5 orc priests
  A centaur skeleton (D:5)
  A gnoll shaman (D:6)
  5 iguanas
  8 orc wizards
  A hound skeleton (D:5)
  Robin (D:3)
  A howler monkey zombie (D:8)
  13 gnolls
  7 adders
  2 howler monkey skeletons
  A shadow imp (D:8)
  A white imp (D:7)
  An adder zombie (D:5)
  2 worms (D:2)
  4 dart slugs
  34 orcs
  12 ball pythons
  9 bats
  5 endoplasms
  4 giant cockroaches
  23 goblins
  18 hobgoblins
  9 jackals
  34 kobolds
  2 quokkas
  3 frilled lizards
  12 rats
277 creatures vanquished.

Vanquished Creatures (others)
  An orc warrior (Bailey)
  An orc (Bailey)
  A plant (D:6)
3 creatures vanquished.

Grand Total: 280 creatures vanquished

Notes
Turn   | Place    | Note
-------+----------+-------------------------------------------
     0 | D:1      | ezpacito the Demonspawn Berserker began the quest for the
                  | Orb.
     0 | D:1      | Reached XP level 1. HP: 18/18 MP: 1/1
   325 | D:1      | Gained mutation: You have sharp toenails. [demonic
                  | ancestry]
   325 | D:1      | Reached XP level 2. HP: 24/24 MP: 2/2
   485 | D:1      | Found a faded altar of an unknown god.
   492 | D:1      | Reached ** piety under Trog
   725 | D:1      | Gained mutation: You sometimes gain a little power by
                  | taking damage. [demonic ancestry]
   725 | D:1      | Reached XP level 3. HP: 27/29 MP: 3/3
  1538 | D:2      | Reached XP level 4. HP: 15/35 MP: 4/4
  2311 | D:3      | Noticed Robin
  2320 | D:3      | Reached *** piety under Trog
  2332 | D:3      | Killed Robin
  2540 | D:3      | Gained mutation: You are partially covered in yellow
                  | scales. (AC +2) [demonic ancestry]
  2540 | D:3      | Reached XP level 5. HP: 41/41 MP: 5/5
  2559 | D:3      | Identified a scroll of acquirement
  2559 | D:3      | Acquired the amulet of Miracles {+Inv rN+++ Regen+ Int-3
                  | Stlth+}
  3075 | D:4      | Noticed Grinder
  3078 | D:4      | Paralysed by Grinder for 3 turns
  3090 | D:4      | Paralysed by Grinder for 4 turns
  3104 | D:4      | Noticed a black bear
  3106 | D:4      | Killed Grinder
  3107 | D:4      | Gained mutation: You are mostly covered in yellow scales.
                  | (AC +3) [demonic ancestry]
  3107 | D:4      | Reached XP level 6. HP: 48/48 MP: 6/6
  3195 | D:4      | Noticed Eustachio
  3202 | D:4      | Banished Eustachio
  3203 | D:4      | Reached skill level 1 in Maces & Flails
  3203 | D:4      | Gained mutation: You have razor-sharp toenails. [demonic
                  | ancestry]
  3203 | D:4      | Reached XP level 7. HP: 54/54 MP: 7/7
  3238 | D:4      | Noticed Sigmund
  3250 | D:4      | Banished Sigmund
  3251 | D:4      | Reached skill level 5 in Axes
  3341 | D:4      | Noticed Pikel
  3356 | D:4      | Banished Pikel
  3357 | D:4      | Reached skill level 5 in Fighting
  3357 | D:4      | Reached skill level 5 in Armour
  3357 | D:4      | Reached XP level 8. HP: 39/62 MP: 8/8
  3604 | D:5      | Entered Level 5 of the Dungeon
  3800 | D:5      | Reached **** piety under Trog
  3925 | D:5      | Reached XP level 9. HP: 68/68 MP: 9/9
  3944 | D:5      | Found a glowing drain.
  3969 | Sewer    | Entered a sewer
  4964 | D:6      | Found a staircase to the Ecumenical Temple.
  5052 | D:6      | Found a sparkling altar of Nemelex Xobeh.
  5609 | D:6      | Reached ***** piety under Trog
  5781 | D:6      | Reached skill level 5 in Dodging
  5789 | D:6      | Acquired the +7 plate armour of Tikuab {rPois rN+++ Str+3}
  5842 | D:7      | Noticed Harold
  5854 | D:7      | Killed Harold
  5855 | D:7      | Reached skill level 1 in Staves
  5862 | D:7      | Noticed Dowan
  5864 | D:7      | Noticed Duvessa
  5896 | D:6      | Killed Duvessa
  5904 | D:6      | Killed Dowan
  5905 | D:6      | Reached XP level 10. HP: 52/76 MP: 10/10
  6918 | D:8      | Received a gift from Trog
  7349 | D:9      | Found a flagged portal.
  7367 | D:9      | Noticed a two-headed ogre
  7385 | D:9      | Killed a two-headed ogre
  7424 | D:9      | Noticed a manticore
  7448 | D:9      | Killed a manticore
  7477 | Bailey   | Entered a bailey
  7563 | Bailey   | Gained mutation: You sometimes gain power by taking damage.
                  | [demonic ancestry]
  7563 | Bailey   | Reached XP level 11. HP: 63/84 MP: 11/11
  7667 | Bailey   | Reached skill level 5 in Maces & Flails
  7800 | Bailey   | Quit the game

Illustrated notes

Levels and vault maps discovered:
D:1:      mrwooster_arrival_statue_3, layout_basic,
          ebering_ecumenical_altar_sacrificial, minmay_pentomino_q2
D:2:      layout_basic
D:3:      layout_loops_ring, uniq_robin
D:4:      layout_rooms, minmay_manual_mess, uniq_eustachio, uniq_sigmund,
          uniq_grinder, uniq_pikel
D:5:      layout_gridville, portal_sewer_entry_b
D:6:      corexii_shantytown, layout_basic, nemelex_altar_shiori,
          minmay_temple_entry_enclosed_plants
D:7:      cheibrodos_iron_armory, layout_basic, uniq_duvessa, uniq_harold
D:8:      layout_basic, st_stairs_12
D:9:      layout_big_octagon, enter_bailey_5, minmay_orc_keep
Bailey:   bailey_polearm_2, bailey

Skill      XL: |  1  2  3  4  5  6  7  8  9 10 11 |
---------------+----------------------------------+-----
Armour         | 2 3 4 5 6 7 8 |  8.6
Dodging        | 2 3 4 5 6 |  6.1
Axes           | 3 4 5 6 7 8 |  8.9
Fighting       | 4 5 6 7 |  7.1
Maces & Flails | 1 2 3 4 5 |  5.0
Staves         | 2 4 |  4.7

Action                   |  1- 3 |  4- 6 |  7- 9 | 10-12 || total
-------------------------+-------+-------+-------+-------++-------
Melee: Hand axe          |   129 |   104 |       |       ||   233
       Kick              |    25 |    32 |    54 |       ||   111
       Whip              |       |    26 |   320 |   306 ||   652
Invok: Berserk           |       |       |     2 |     3 ||     5
  Use: Scroll            |     4 |     5 |    12 |     4 ||    25
       Potion            |       |     1 |       |     2 ||     3
Armor: Leather armour    |     5 |       |       |       ||     5
       Scale mail        |    57 |    32 |       |       ||    89
       Chain mail        |       |    69 |   105 |       ||   174
       Plate armour      |       |       |   161 |   486 ||   647
Dodge: Dodged            |    91 |    82 |   155 |   265 ||   593

Table legend: (Time is in decaauts)
 A = Elapsed time spent in this place.
 B = Non-inter-level travel time spent in this place.
 C = Inter-level travel time spent in this place.
 D = Time resting spent in this place.
 E = Time spent auto-exploring this place.
 F = Levels seen in this place.
 G = Mean time per level.
                   A        B        C        D        E       F      G
               +--------+--------+--------+--------+--------+-----+--------+
         Total |   7818 |   7617 |    201 |    600 |   4562 |  11 |  710.7 |
       Dungeon |   7282 |   7081 |    201 |    594 |   4429 |   9 |  809.1 |
         Sewer |    171 |    171 |      0 |      0 |     64 |   1 |  171.0 |
        Bailey |    364 |    364 |      0 |      6 |     68 |   1 |  364.0 |
               +--------+--------+--------+--------+--------+-----+--------+

Top non-repeatable levels by time:
     D:6: 1397 daAuts
     D:2: 1192 daAuts
     D:1: 1081 daAuts
     D:5: 841 daAuts
     D:3: 840 daAuts
     D:8: 635 daAuts
     D:7: 631 daAuts
     D:4: 529 daAuts
  Bailey: 364 daAuts
   Sewer: 171 daAuts
     D:9: 132 daAuts
